TOP OF THE 1ST |
Hamilton Cardinals batting - Pitching for Windy City ThunderBolts : RHP Chang-wei Quian
|
Pitching: RHP Chang-wei Quian
|
|
Batting: RHB Kevin Kelly
|
0-0: Called Strike 0-1: Called Strike 0-2: Ball 1-2: Strikes out looking
|
Batting: LHB Steven Higgs
|
0-0: Ball 1-0: Foul Ball, location: 2F 1-1: Fly out, F9 (Flyball, 8RM, EV 78.1 MPH)
|
Batting: LHB Doug Nebel
|
0-0: Called Strike 0-1: Called Strike 0-2: Ball 1-2: Fly out, F9 (Flyball, 89M, EV 91.2 MPH)
|
Top of the 1st over - 0 runs, 0 hits, 0 errors, 0 left on base; Hamilton 0 - Windy City 0 |
BOTTOM OF THE 1ST |
Windy City ThunderBolts batting - Pitching for Hamilton Cardinals : RHP Ji-e Shuai
|
Pitching: RHP Ji-e Shuai
|
|
Batting: SHB Dan Strickland
|
0-0: Ball 1-0: Foul Ball, location: 2F 1-1: SOLO HOME RUN (Flyball, 89XD, EV 108.8 MPH), Distance : 421 ft
|
Batting: RHB Eddie Dimas
|
0-0: Ball 1-0: Ball 2-0: Fly out, F9 (Flyball, 9D, EV 103.8 MPH)
|
Batting: RHB Joe Thomas
|
0-0: Ball 1-0: Ball 2-0: Ball 3-0: Called Strike 3-1: Base on Balls
|
Batting: RHB Bellchior Osuna
|
0-0: Ball Joe Thomas steals 2nd base 1-0: Ball 2-0: SINGLE (Groundball, 6D, EV 102.5 MPH) Joe Thomas to third
|
Batting: RHB Paul Holland
|
0-0: Called Strike 0-1: Fly out, F9 (Flyball, 89M, EV 91.2 MPH) Runner from 3rd tags up, OUT at HOME! 9-2
|
Bottom of the 1st over - 1 run, 2 hits, 0 errors, 1 left on base; Hamilton 0 - Windy City 1 |
TOP OF THE 2ND |
Hamilton Cardinals batting - Pitching for Windy City ThunderBolts : RHP Chang-wei Quian
|
Batting: SHB Jae-hong Kym
|
0-0: Called Strike 0-1: Ball 1-1: Called Strike 1-2: Strikes out looking
|
Batting: RHB Jason Hunt
|
0-0: Called Strike 0-1: Ball 1-1: Ball 2-1: Ball 3-1: Fly out, F4 (Popup, 4S, EV 72.5 MPH)
|
Batting: RHB Matt Shaw
|
0-0: Ball 1-0: Ground out 5-3 (Groundball, 5S, EV 88.1 MPH)
|
Top of the 2nd over - 0 runs, 0 hits, 0 errors, 0 left on base; Hamilton 0 - Windy City 1 |
BOTTOM OF THE 2ND |
Windy City ThunderBolts batting - Pitching for Hamilton Cardinals : RHP Ji-e Shuai
|
Batting: RHB Donovan Deason
|
0-0: Ball 1-0: Swinging Strike 1-1: Ball 2-1: Ground out 6-3 (Groundball, 6, EV 91.9 MPH)
|
Batting: RHB Ricky Avila
|
0-0: Foul Ball, location: 2F 0-1: Ball 1-1: Swinging Strike 1-2: Fly out, F1 (Line Drive, P, EV 66.2 MPH)
|
Batting: RHB Nhat Phong
|
0-0: Ball 1-0: Foul Ball, location: 2F 1-1: Ball 2-1: Foul Ball, location: 2F 2-2: Ball 3-2: SINGLE (Groundball, 4M, EV 96.9 MPH) (infield hit)
|
Batting: RHB Sim Damit
|
0-0: Called Strike 0-1: Foul Ball, location: 2F 0-2: Ball Wild Pitch! Nhat Phong to second 1-2: Ball 2-2: Strikes out swinging
|
Bottom of the 2nd over - 0 runs, 1 hit, 0 errors, 1 left on base; Hamilton 0 - Windy City 1 |
TOP OF THE 3RD |
Hamilton Cardinals batting - Pitching for Windy City ThunderBolts : RHP Chang-wei Quian
|
Batting: LHB Josh Levin
|
0-0: Ball 1-0: Ball 2-0: Foul Ball, location: 2F 2-1: Ball 3-1: Base on Balls
|
Batting: RHB Kevin McGaughey
|
0-0: Ball 1-0: Hit by Pitch Josh Levin to second
|
Batting: LHB John Stewart
|
0-0: Swinging Strike 0-1: Ball 1-1: DOUBLE (Flyball, 8LXD, EV 106.2 MPH) Josh Levin scores Kevin McGaughey to third
|
Batting: RHB Kevin Kelly
|
0-0: Called Strike 0-1: Ball 1-1: Ball 2-1: Ball 3-1: Swinging Strike 3-2: Foul Ball, location: 2F 3-2: Strikes out swinging
|
Batting: LHB Steven Higgs
|
0-0: Ball 1-0: Foul Ball, location: 2F 1-1: SINGLE (Line Drive, 5D, EV 96.2 MPH) Kevin McGaughey scores John Stewart to third
|
Batting: LHB Doug Nebel
|
0-0: Ball 1-0: Ball 2-0: Called Strike 2-1: Swinging Strike 2-2: Strikes out swinging
|
Batting: SHB Jae-hong Kym
|
0-0: Ball 1-0: Foul Ball, location: 2F 1-1: Called Strike 1-2: Strikes out swinging
|
Top of the 3rd over - 2 runs, 2 hits, 0 errors, 2 left on base; Hamilton 2 - Windy City 1 |
BOTTOM OF THE 3RD |
Windy City ThunderBolts batting - Pitching for Hamilton Cardinals : RHP Ji-e Shuai
|
Batting: SHB Dan Strickland
|
0-0: Called Strike 0-1: Foul Ball, location: 2F 0-2: Ball 1-2: Foul Ball, location: 2F 1-2: Foul Ball, location: 2F 1-2: Foul Ball, location: 2F 1-2: Ball 2-2: Ground out 4-3 (Groundball, 34D, EV 83.8 MPH)
|
Batting: RHB Eddie Dimas
|
0-0: Ball 1-0: Ball 2-0: Called Strike 2-1: SINGLE (Flyball, 3D, EV 86.9 MPH)
|
Batting: RHB Joe Thomas
|
0-0: Called Strike 0-1: Reached on error, E4 (Groundball, 4, EV 85.6 MPH) Eddie Dimas to second
|
Batting: RHB Bellchior Osuna
|
0-0: Ball Wild Pitch! Eddie Dimas to third Joe Thomas to second 1-0: Foul Ball, location: 2F 1-1: Swinging Strike 1-2: Strikes out swinging
|
Batting: RHB Paul Holland
|
0-0: Called Strike 0-1: Called Strike 0-2: Fly out, F4 (Popup, 4, EV 75.0 MPH)
|
Bottom of the 3rd over - 0 runs, 1 hit, 1 error, 2 left on base; Hamilton 2 - Windy City 1 |
TOP OF THE 4TH |
Hamilton Cardinals batting - Pitching for Windy City ThunderBolts : RHP Chang-wei Quian
|
Batting: RHB Jason Hunt
|
0-0: Swinging Strike 0-1: Swinging Strike 0-2: Foul Ball, location: 2F 0-2: Ball 1-2: Strikes out swinging
|
Batting: RHB Matt Shaw
|
0-0: Ball 1-0: Called Strike 1-1: Foul Ball, location: 2F 1-2: Ball 2-2: Ball 3-2: DOUBLE (Line Drive, 8RXD, EV 109.4 MPH)
|
Batting: LHB Josh Levin
|
0-0: Ball 1-0: Ball 2-0: Ball 3-0: Called Strike 3-1: Foul Ball, location: 2F 3-2: Fly out, F5 (Popup, 56S, EV 79.4 MPH)
|
Batting: RHB Kevin McGaughey
|
0-0: Ball 1-0: Fly out, F8 (Flyball, 8LD, EV 105.6 MPH)
|
Top of the 4th over - 0 runs, 1 hit, 0 errors, 1 left on base; Hamilton 2 - Windy City 1 |
BOTTOM OF THE 4TH |
Windy City ThunderBolts batting - Pitching for Hamilton Cardinals : RHP Ji-e Shuai
|
Batting: RHB Donovan Deason
|
0-0: Ball 1-0: Ball 2-0: Called Strike 2-1: Fly out, F7 (Flyball, 7S, EV 84.4 MPH)
|
Batting: RHB Ricky Avila
|
0-0: Called Strike 0-1: Fly out, F8 (Flyball, 8LM, EV 83.8 MPH)
|
Batting: RHB Nhat Phong
|
0-0: Called Strike 0-1: Ball 1-1: Foul Ball, location: 2F 1-2: Ground out 3-1 (Groundball, 34S, EV 75.6 MPH)
|
Bottom of the 4th over - 0 runs, 0 hits, 0 errors, 0 left on base; Hamilton 2 - Windy City 1 |
TOP OF THE 5TH |
Hamilton Cardinals batting - Pitching for Windy City ThunderBolts : RHP Chang-wei Quian
|
Batting: LHB John Stewart
|
0-0: Ball 1-0: Called Strike 1-1: Swinging Strike 1-2: Ball 2-2: Foul Ball, location: 2F 2-2: Ground out 4-3 (Groundball, 4MS, EV 78.1 MPH)
|
Batting: RHB Kevin Kelly
|
0-0: Swinging Strike 0-1: Ball 1-1: Swinging Strike 1-2: Ball 2-2: Ball 3-2: Strikes out swinging
|
Batting: LHB Steven Higgs
|
0-0: Foul Ball, location: 2F 0-1: SOLO HOME RUN (Flyball, 9D, EV 98.8 MPH), Distance : 363 ft
|
Batting: LHB Doug Nebel
|
0-0: Ground out 3-1 (Groundball, 34, EV 80.6 MPH)
|
Top of the 5th over - 1 run, 1 hit, 0 errors, 0 left on base; Hamilton 3 - Windy City 1 |
BOTTOM OF THE 5TH |
Windy City ThunderBolts batting - Pitching for Hamilton Cardinals : RHP Ji-e Shuai
|
Batting: RHB Sim Damit
|
0-0: Swinging Strike 0-1: Ball 1-1: Swinging Strike 1-2: Strikes out swinging
|
Batting: SHB Dan Strickland
|
0-0: Called Strike 0-1: Swinging Strike 0-2: Strikes out swinging
|
Batting: RHB Eddie Dimas
|
0-0: Reached via error on a dropped throw from 1B, E1 (Groundball, 34, EV 82.5 MPH)
|
Batting: RHB Joe Thomas
|
0-0: Fielders Choice at 2nd, 6-4 (Groundball, 6, EV 100.6 MPH)
|
Bottom of the 5th over - 0 runs, 0 hits, 1 error, 1 left on base; Hamilton 3 - Windy City 1 |
TOP OF THE 6TH |
Hamilton Cardinals batting - Pitching for Windy City ThunderBolts : RHP Chang-wei Quian
|
Batting: SHB Jae-hong Kym
|
0-0: Called Strike 0-1: Ball 1-1: Swinging Strike 1-2: Foul Ball, location: 2F 1-2: Ball 2-2: Foul Ball, location: 2F 2-2: Ball 3-2: Strikes out swinging
|
Batting: RHB Jason Hunt
|
0-0: Ball 1-0: Called Strike 1-1: Fly out, F8 (Flyball, 8RM, EV 88.1 MPH)
|
Batting: RHB Matt Shaw
|
0-0: Ball 1-0: Fly out, F8 (Flyball, 8RS, EV 88.8 MPH)
|
Top of the 6th over - 0 runs, 0 hits, 0 errors, 0 left on base; Hamilton 3 - Windy City 1 |
BOTTOM OF THE 6TH |
Windy City ThunderBolts batting - Pitching for Hamilton Cardinals : RHP Ji-e Shuai
|
Batting: RHB Bellchior Osuna
|
0-0: Ball 1-0: Ball 2-0: Foul Ball, location: 2F 2-1: Ball 3-1: Base on Balls
|
Pitching: RHP Danny Freidman
|
|
Batting: RHB Paul Holland
|
0-0: Ball 1-0: Ball 2-0: Foul Ball, location: 2F 2-1: Ball 3-1: Called Strike 3-2: Grounds into double play, 6-4-3 (Groundball, 6, EV 106.2 MPH)
|
Batting: RHB Donovan Deason
|
0-0: Ball 1-0: Ball 2-0: Called Strike 2-1: Foul Ball, location: 2F 2-2: Foul Ball, location: 2F 2-2: Ground out 4-3 (Groundball, 4, EV 97.5 MPH)
|
Bottom of the 6th over - 0 runs, 0 hits, 0 errors, 0 left on base; Hamilton 3 - Windy City 1 |
TOP OF THE 7TH |
Hamilton Cardinals batting - Pitching for Windy City ThunderBolts : RHP Chang-wei Quian
|
Batting: LHB Josh Levin
|
0-0: Fly out, F7 (Flyball, 7, EV 71.9 MPH)
|
Batting: RHB Kevin McGaughey
|
0-0: Ball 1-0: Called Strike 1-1: Called Strike 1-2: Strikes out swinging
|
Batting: LHB John Stewart
|
0-0: Ground out 4-3 (Groundball, 4S, EV 82.5 MPH)
|
Top of the 7th over - 0 runs, 0 hits, 0 errors, 0 left on base; Hamilton 3 - Windy City 1 |
BOTTOM OF THE 7TH |
Windy City ThunderBolts batting - Pitching for Hamilton Cardinals : RHP Danny Freidman
|
Batting: RHB Ricky Avila
|
0-0: Ball 1-0: Called Strike 1-1: Ball 2-1: Swinging Strike 2-2: Foul Ball, location: 2F 2-2: Ball 3-2: Strikes out looking
|
Batting: RHB Nhat Phong
|
0-0: Ball 1-0: Called Strike 1-1: Foul Ball, location: 2F 1-2: Strikes out swinging
|
Batting: RHB Sim Damit
|
0-0: Ball 1-0: Ball 2-0: Ground out 5-3 (Groundball, 5, EV 109.4 MPH)
|
Bottom of the 7th over - 0 runs, 0 hits, 0 errors, 0 left on base; Hamilton 3 - Windy City 1 |
TOP OF THE 8TH |
Hamilton Cardinals batting - Pitching for Windy City ThunderBolts : RHP Chang-wei Quian
|
Batting: RHB Kevin Kelly
|
0-0: Called Strike 0-1: Foul Ball, location: 2F 0-2: Foul Ball, location: 2F 0-2: Strikes out looking
|
Batting: LHB Steven Higgs
|
0-0: Foul Ball, location: 2F 0-1: Ball 1-1: Called Strike 1-2: Ball 2-2: Foul Ball, location: 2F 2-2: Ground out U3 (Groundball, 34, EV 97.5 MPH)
|
Batting: LHB Doug Nebel
|
0-0: Called Strike 0-1: Called Strike 0-2: Ground out 4-3 (Groundball, 4, EV 90.0 MPH)
|
Top of the 8th over - 0 runs, 0 hits, 0 errors, 0 left on base; Hamilton 3 - Windy City 1 |
BOTTOM OF THE 8TH |
Windy City ThunderBolts batting - Pitching for Hamilton Cardinals : RHP Danny Freidman
|
Batting: SHB Dan Strickland
|
0-0: Foul Ball, location: 2F 0-1: Ball 1-1: Ball 2-1: Swinging Strike 2-2: Foul Ball, location: 2F 2-2: Ball 3-2: Fly out, F8 (Flyball, 89D, EV 93.8 MPH)
|
Batting: RHB Eddie Dimas
|
0-0: Ball 1-0: Called Strike 1-1: Swinging Strike 1-2: Strikes out swinging
|
Batting: RHB Joe Thomas
|
0-0: Ball 1-0: Swinging Strike 1-1: Ball 2-1: Ball 3-1: Called Strike 3-2: Strikes out swinging
|
Bottom of the 8th over - 0 runs, 0 hits, 0 errors, 0 left on base; Hamilton 3 - Windy City 1 |
TOP OF THE 9TH |
Hamilton Cardinals batting - Pitching for Windy City ThunderBolts : RHP Chang-wei Quian
|
Pitching: LHP Dane Preston
|
|
Batting: SHB Jae-hong Kym
|
0-0: Swinging Strike 0-1: Ball 1-1: Foul Ball, location: 2F 1-2: Strikes out swinging
|
Batting: RHB Jason Hunt
|
0-0: Ground out 4-3 (Groundball, 34, EV 80.0 MPH)
|
Batting: RHB Matt Shaw
|
0-0: Ball 1-0: Foul Ball, location: 2F 1-1: Ball 2-1: Ball 3-1: Base on Balls
|
Batting: LHB Josh Levin
|
0-0: Called Strike 0-1: Ball 1-1: Called Strike 1-2: Strikes out looking
|
Top of the 9th over - 0 runs, 0 hits, 0 errors, 1 left on base; Hamilton 3 - Windy City 1 |
BOTTOM OF THE 9TH |
Windy City ThunderBolts batting - Pitching for Hamilton Cardinals : RHP Danny Freidman
|
Pitching: LHP Kevin Snider
|
|
Now at 2B: Jason Hunt
|
|
Now at SS: Oscar Higareda
|
|
Now in LF: Jonathan Barker
|
|
Batting: RHB Bellchior Osuna
|
0-0: Ball 1-0: Foul Ball, location: 2F 1-1: Foul Ball, location: 2F 1-2: Foul Ball, location: 2F 1-2: Foul Ball, location: 2F 1-2: Strikes out swinging
|
Batting: RHB Paul Holland
|
0-0: Ball 1-0: Ball 2-0: Foul Ball, location: 2F 2-1: Swinging Strike 2-2: Strikes out swinging
|
Batting: RHB Donovan Deason
|
0-0: Called Strike 0-1: Ball 1-1: Foul Ball, location: 2F 1-2: Strikes out swinging
|
Bottom of the 9th over - 0 runs, 0 hits, 0 errors, 0 left on base; Hamilton 3 - Windy City 1 |
|